 Dungeon Crawl Stone Soup version 0.27.1 (webtiles) character file.

Game seed: 830636622147495264

35 Naeght the Poker (level 3, 0/27 HPs)
             Began as a Merfolk Gladiator on Aug 23, 2021.
             Slain by Crazy Yiuf (12 damage)
             ... on level 2 of the Dungeon.
             The game lasted 00:01:08 (1806 turns).

Naeght the Poker (Merfolk Gladiator)                Turns: 1806, Time: 00:01:09

Health: 0/27       AC:  4    Str: 15    XL:     3   Next: 35%
Magic:  3/3        EV: 13    Int:  7    God:
Gold:   133        SH:  0    Dex: 15    Spells: 2/2 levels left

rFire    . . .     SeeInvis .   a - +0 trident
rCold    . . .     Faith    .   (no shield)
rNeg     . . .     Spirit   .   b - +0 leather armour
rPois    .         Reflect  .   c - +0 helmet
rElec    .         Harm     .   (no cloak)
rCorr    .         Rampage  .   (no gloves)
Will     .....                  (no boots)
Stlth    +.........             (no amulet)
HPRegen  0.09/turn              (no ring)
MPRegen  0.08/turn              (no ring)

@: no status effects
A: (nimble swimmer 2), mertail
a: no special abilities


You were on level 2 of the Dungeon.
You visited 1 branch of the dungeon, and saw 2 of its levels.

You collected 133 gold pieces.

Inventory:

Hand Weapons
 a - a +0 trident (weapon)
Missiles
 d - 3 throwing nets (quivered)
Armour
 b - a +0 leather armour (worn)
 c - a +0 helmet (worn)
Scrolls
 e - a scroll of identify {unknown}
 f - a scroll of amnesia {unknown}
 g - 2 scrolls of blinking {unknown}
 h - a scroll of brand weapon {unknown}
 i - a scroll of teleportation {unknown}
Potions
 j - 2 potions of invisibility {unknown}


   Skills:
 - Level 2.1 Fighting
 * Level 6.3 Polearms
 - Level 2.0 Throwing
 - Level 4.0 Dodging


You had 2 spell levels left.
You didn't know any spells.
Your spell library was empty.

Dungeon Overview and Level Annotations

Branches:
Dungeon (2/15)

Altars:

Annotations:
D:2 Crazy Yiuf


Innate Abilities, Weirdness & Mutations

((You are quick and stealthy near water. (Stealth+, EV+, Speed+++)))
Your lower body shifts to a powerful aquatic tail in water.


Message History

Found two maces.
No target in view!
You see here a +0 mace.
Found three maces.
Found a runed translucent door.
You see here a +0 mace.
No target in view!
Crazy Yiuf shouts!
Found two maces.
You see here a +0 mace.
Failed to move towards target.
You see here a +0 mace.
You see here a +0 mace.
There is a stone staircase leading down here.
There is a stone staircase leading down here.
You see here a +0 mace.
Crazy Yiuf shouts!
You see here a +0 mace.
Key pressed, stopping explore.
No target in view!
You see here a +0 mace.
Failed to move towards target.
Could not explore, unopened runed door.
Press: ? - help, v - describe, . - travel
Here: Crazy Yiuf, wielding a +3 quarterstaff of chaos and wearing a +0 cloak (fire blocked by a runed translucent door)
The floor.
You open the door. You hit Crazy Yiuf.
Crazy Yiuf is moderately wounded.
Crazy Yiuf misses you.
You puncture Crazy Yiuf!
Crazy Yiuf is heavily wounded.
Crazy Yiuf misses you.
You barely miss Crazy Yiuf.
Crazy Yiuf is heavily wounded.
Crazy Yiuf hits you with a +3 quarterstaff of chaos!
Crazy Yiuf freezes you.
You hit Crazy Yiuf.
Crazy Yiuf is severely wounded.
Crazy Yiuf hits you with a +3 quarterstaff of chaos!
You die...

#.# ###...#### #.#
#........## #.#
#.#...##..# ###
#########.# #.# ####
♣♣♣♣♣###.# ...# ###
♣♣♣)♣).#.#.# ...### ###
#.))#♣..♣)......#
.....###.#
#...g@♣♣♣♣......#
.........# #)).#♣♣
♣♣.#..## .....##..# ###
♣♣#### ...####..# ...#
#..# #### #..# ###
#####..## #.#
#.......########.#
#.###............#########


You could see Crazy Yiuf.

Vanquished Creatures
  A worm (D:2)
  2 dart slugs
  3 ball pythons (D:1)
  2 bats (D:1)
  5 endoplasms
  A giant cockroach (D:2)
  3 hobgoblins
  2 quokkas
  5 frilled lizards
  3 rats (D:1)
27 creatures vanquished.

Notes
Turn   | Place    | Note
-------+----------+-------------------------------------------
     0 | D:1      | Naeght the Merfolk Gladiator began the quest for the Orb.
     0 | D:1      | Reached XP level 1. HP: 16/16 MP: 1/1
   248 | D:1      | Reached skill level 5 in Polearms
   455 | D:1      | Reached XP level 2. HP: 22/22 MP: 2/2
  1112 | D:2      | Reached skill level 6 in Polearms
  1112 | D:2      | Reached XP level 3. HP: 27/27 MP: 3/3
  1712 | D:2      | Found a runed translucent door.
  1713 | D:2      | Noticed Crazy Yiuf
  1806 | D:2      | Slain by Crazy Yiuf

Illustrated notes

Levels and vault maps discovered:
D:1:      wander_arrival_desolate, layout_basic, minmay_misc_feat_encased
D:2:      layout_loops_ring, eino_tiny_chamber, uniq_crazy_yiuf_cottage

Skill      XL: |  1  2 |
---------------+-------+-----
Polearms       | 5 6 |  6.3
Fighting       | |  2.1
Throwing       | |  2.0
Dodging        | |  4.0

Action                   || total
-------------------------++-------
Melee: Trident           ||   109
 Stab: Sleeping          ||     2
Armor: Leather armour    ||    17
Dodge: Dodged            ||    52
